 Dungeon Crawl Stone Soup version 0.22.1-2-g9c5b331 (console) character file.

1249 erker the Changer (level 8, 0/49 HPs)
             Began as an Octopode Transmuter on Nov 29, 2018.
             Was a Believer of Cheibriados.
             Slain by an orc wizard
             ... wielding a +0 dagger of flaming
              (7 damage)
             ... on level 8 of the Dungeon on Nov 30, 2018.
             The game lasted 00:45:56 (6545 turns).

erker the Changer (Octopode Transmuter)             Turns: 6545, Time: 00:45:57

Health: 0/49       AC:  2    Str: 15    XL:     8   Next: 50%
Magic:  13/13      EV: 22    Int: 22    God:    Cheibriados [**....]
Gold:   414        SH:  0    Dex: 24    Spells: 2/16 levels left

rFire    + . .     SeeInvis .     - Unarmed
rCold    x . .     Gourm    .   (shield currently unavailable)
rNeg     . . .     Faith    .   (helmet currently unavailable)
rPois    x         Spirit   .   (no amulet)
rElec    .         Reflect  .   i - ring of fire
rCorr    .         Harm     .   w - ring of attention (curse)
MR       .....     Clarity  +   y - ring of stealth
Stlth    +++.......             (no ring)
HPRegen  0.16/turn              (no ring)
MPRegen  0.13/turn              (no ring)
                                (no ring)
                                (no ring)

@: spider-form (expiring), very slow
A: tiny, almost no armour, stealthy swim, (amphibious), 8 rings, (constrict 8),
agile 1, clarity, low mp 1
a: End Transformation, Bend Time, Renounce Religion


You were on level 8 of the Dungeon.
You worshipped Cheibriados.
Cheibriados was pleased with you.
You were not hungry.
You were a venomous arachnid creature.
You visited 2 branches of the dungeon, and saw 9 of its levels.

You collected 440 gold pieces.
You spent 26 gold pieces at shops.

Inventory:

Hand Weapons
 B - a +0 blowgun
Missiles
 a - 69 arrows
 d - 38 poisoned needles
 o - 3 throwing nets
 r - 18 sling bullets
 s - 71 bolts
 D - 7 steel javelins (quivered)
Jewellery
 i - a ring of fire (left front leg)
 w - a cursed ring of attention (right front leg)
 y - a ring of stealth (on tentacle)
Wands
 p - a wand of polymorph (9)
Scrolls
 f - a scroll of fear {unknown}
 h - a scroll of noise {unknown}
 k - 3 scrolls of immolation {unknown}
 l - 4 scrolls of teleportation
 n - 4 scrolls of amnesia {unknown}
 t - 2 scrolls of remove curse {unknown}
 u - 4 scrolls of blinking
 x - 2 scrolls of fog
 C - a scroll of brand weapon {unknown}
 E - a scroll of random uselessness {unknown}
 F - a scroll of torment {unknown}
Potions
 b - 2 potions of ambrosia
 e - 3 potions of mutation
 g - a potion of flight
 j - 6 potions of curing
 m - a potion of haste
 q - 2 potions of resistance
 v - a potion of heal wounds
 z - 3 potions of brilliance {unknown}
 A - a potion of agility {unknown}
 G - a potion of lignification {unknown}
Comestibles
 c - 9 rations
 H - a chunk of flesh


   Skills:
 + Level 1.7 Fighting
 + Level 3.0 Dodging
 + Level 4.5 Stealth
 - Level 4.3 Unarmed Combat
 + Level 4.7 Spellcasting
 * Level 6.2 Transmutations
 * Level 0.7 Fire Magic
 * Level 2.1 Ice Magic
 - Level 2.0 Poison Magic


You had 2 spell levels left.
You knew the following spells:

 Your Spells              Type           Power        Failure   Level  Hunger
a - Beastly Appendage     Tmut           ####..       4%          1    None
c - Confusing Touch       Hex            #.....       26%         1    None
f - Conjure Flame         Conj/Fire      ##......     47%         3    ##.....
s - Spider Form           Tmut/Pois      ###.......   17%         3    ##.....
t - Sticks to Snakes      Tmut           ####....     6%          2    None
y - Ice Form              Ice/Tmut       ###.....     38%         4    ####...

Your spell library contained the following spells:

 Spells                   Type           Power        Failure   Level  Hunger
 Animate Skeleton         Necr           N/A          26%         1    None
 Apportation              Tloc           #.....       26%         1    None
 Magic Dart               Conj           #...         26%         1    None
 Summon Small Mammal      Summ           #...         26%         1    None
 Poisonous Vapours        Pois/Air       #.....       26%         2    None
 Blink                    Tloc           N/A          34%         2    None
 Call Imp                 Summ           #.......     34%         2    None
 Slow                     Hex            #.......     34%         2    None
 Blade Hands              Tmut           ####......   43%         5    #####..
 Mephitic Cloud           Conj/Pois/Air  #.......     45%         3    ##.....
 Freezing Cloud           Conj/Ice/Air   #.........   100%        6    #######
 Ring of Flames           Chrm/Fire      ##........   100%        7    #######


Dungeon Overview and Level Annotations

Branches:
Dungeon (8/15)             Temple (1/1) D:4
   Lair: D:8-11

Altars:
Ashenzari
Cheibriados
Dithmenos
Elyvilon
Fedhas
Gozag
Hepliaklqana
Kikubaaqudgha
Makhleb
Nemelex Xobeh
Okawaru
Qazlal
Ru
Sif Muna
Trog
Uskayaw
Vehumet
Wu Jian
Xom
Yredelemnul
Zin
The Shining One

Shops:
D:4 *

Annotations:
D:5 exclusion: 2 gnolls, Sigmund
D:6 exclusion: door


Innate Abilities, Weirdness & Mutations

You cannot wear most types of armour.
You are very stealthy in the water. (Stealth+)
((You are amphibious.))
You can wear up to eight rings at the same time.
((You can use your tentacles to constrict eight enemies at once.))
((Your skin changes colour to match your surroundings (Stealth+).))
((Your rubbery body absorbs attacks. (AC +1, EV +1)))
You are agile. (Dex +2)
You possess an exceptional clarity of mind.
Your magical capacity is low. (-10% MP)


Message History

* * * LOW HITPOINT WARNING * * *
You hit something. You closely miss something.
You hear some strange, mumbled words.
A puff of flame appears from out of thin air!
The puff of flame hits you! You resist.
* * * LOW HITPOINT WARNING * * *
You closely miss something. Something hits you.
* * * LOW HITPOINT WARNING * * *
Something burns you.
* * * LOW HITPOINT WARNING * * *
You feel better. Something hits you but does no damage.
You hit something.
Your transformation is almost over.
Something hits you but does no damage. Something hits you.
* * * LOW HITPOINT WARNING * * *
Something burns you.
* * * LOW HITPOINT WARNING * * *
You barely miss something. Something hits you!
You die...

#.....^... #......#.#
#...[..#.# ####...#.#
#...#.# ) ########...#.#
.. #.....##...#.#
...##########.....##...#.#
#.......)s...............#
.........{.)......####.###
.......................#
.............########### #
.............# #
#'############ # ..
##############
#...........#


There were no monsters in sight!

Vanquished Creatures
  Eustachio (D:6)
  A centaur (D:7)
  A tengu (D:5)
  2 bullfrogs
  2 scorpions
  2 howler monkeys
  A centaur skeleton (D:5)
  An orc priest (D:5)
  4 hounds
  Ijyb (D:5)
  Natasha (thrice) (D:2)
  2 orc wizards (D:8)
  A worker ant (D:6)
  A hound skeleton (D:5)
  6 gnolls
  5 adders
  A shadow imp (D:5)
  2 oozes
  2 adder zombies
  4 worms
  3 dart slugs
  5 leopard geckos
  12 orcs
  2 giant cockroaches
  15 goblins
  4 hobgoblins
  4 jackals (D:1)
  4 quokkas
  5 bats
  4 frilled lizards
  A jackal zombie (D:5)
  9 kobolds
  A leopard gecko zombie (D:7)
  5 rats
117 creatures vanquished.

Vanquished Creatures (collateral kills)
  Blork the orc (D:5)
  A scorpion (D:5)
  A worker ant (D:6)
  A gnoll (D:5)
  An orc (D:5)
5 creatures vanquished.

Vanquished Creatures (others)
  10 toadstools (D:6)
10 creatures vanquished.

Grand Total: 132 creatures vanquished

Notes
Turn   | Place    | Note
-------+----------+-------------------------------------------
     0 | D:1      | erker the Octopode Transmuter began the quest for the Orb.
     0 | D:1      | Reached XP level 1. HP: 13/13 MP: 3/3
    13 | D:1      | You fall through a shaft!
    70 | D:2      | Noticed Natasha
    74 | D:2      | Killed Natasha
    74 | D:2      | Reached skill level 3 in Transmutations
    74 | D:2      | Reached XP level 2. HP: 17/18 MP: 2/5
    74 | D:2      | Reached XP level 3. HP: 22/23 MP: 2/6
    85 | D:2      | Learned a level 3 spell: Spider Form
   132 | D:2      | Found a hide-covered altar of Uskayaw.
   593 | D:1      | Reached skill level 1 in Poison Magic
   799 | D:2      | Noticed Natasha
   808 | D:2      | Killed Natasha
   808 | D:2      | Reached XP level 4. HP: 6/28 MP: 4/8
  1059 | D:2      | Reached skill level 1 in Stealth
  1059 | D:2      | Reached XP level 5. HP: 33/33 MP: 5/9
  1394 | D:2      | Noticed Natasha
  1399 | D:2      | Killed Natasha
  1752 | D:2      | Learned a level 2 spell: Sticks to Snakes
  2209 | D:4      | Found Ongonupu's General Store.
  2217 | D:4      | Bought a scroll of identify for 26 gold pieces
  2236 | D:4      | Reached XP level 6. HP: 38/38 MP: 4/10
  2276 | D:4      | Found a staircase to the Ecumenical Temple.
  2284 | Temple   | Entered the Ecumenical Temple
  2330 | Temple   | Became a worshipper of Cheibriados the Contemplative
  2533 | D:4      | Reached skill level 4 in Transmutations
  2592 | D:4      | Gained mutation: Your magical capacity is low. (-10% MP)
                  | [potion of mutation]
  2592 | D:4      | Gained mutation: You are agile. (Dex +2) [potion of
                  | mutation]
  2592 | D:4      | Gained mutation: You possess an exceptional clarity of
                  | mind. [potion of mutation]
  2757 | D:5      | Entered Level 5 of the Dungeon
  2821 | D:5      | Noticed Sigmund
  3072 | D:3      | Reached * piety under Cheibriados
  3260 | D:5      | Learned a level 1 spell: Confusing Touch
  3282 | D:5      | Found a sparkling altar of Nemelex Xobeh.
  3376 | D:5      | Noticed Blork the orc
  3400 | D:5      | Killed Blork the orc
  3484 | D:5      | Noticed Ijyb
  3533 | D:5      | Killed Ijyb
  3533 | D:5      | Reached XP level 7. HP: 42/43 MP: 8/11
  3563 | D:5      | Learned a level 3 spell: Conjure Flame
  3717 | D:5      | Found an opulent altar of Gozag.
  3837 | D:5      | Reached skill level 5 in Transmutations
  4302 | D:5      | Reached ** piety under Cheibriados
  4647 | D:6      | Learned a level 4 spell: Ice Form
  4957 | D:6      | Found a shattered altar of Ashenzari.
  4958 | D:6      | Noticed Eustachio
  4971 | D:6      | Killed Eustachio
  4971 | D:6      | Reached skill level 1 in Ice Magic
  4971 | D:6      | Reached XP level 8. HP: 48/48 MP: 6/13
  5544 | D:7      | Found a white marble altar of Elyvilon.
  5905 | D:7      | Noticed a hippogriff
  6393 | D:8      | Reached skill level 6 in Transmutations
  6545 | D:8      | Slain by an orc wizard

Skill      XL: |  1  2  3  4  5  6  7  8 |
---------------+-------------------------+-----
Transmutations | 3 4 5 6 |  6.2
Poison Magic   | 1 2 |  2.0
Stealth        | 1 3 4 |  4.5
Spellcasting   | 3 4 |  4.7
Unarmed Combat | 4 |  4.3
Ice Magic      | 1 2 |  2.1
Dodging        | 3 |  3.0
Fighting       | |  1.7
Fire Magic     | |  0.7

Action                   |  1- 3 |  4- 6 |  7- 9 || total
-------------------------+-------+-------+-------++-------
Melee: Unarmed           |    61 |   159 |   126 ||   346
       Kick              |     3 |       |     1 ||     4
       Constrict         |    11 |    18 |     9 ||    38
       Tentacles         |     6 |     7 |     8 ||    21
       Punch             |       |     3 |     3 ||     6
Throw: Throwing net      |       |       |     1 ||     1
       Javelin           |       |       |     1 ||     1
 Cast: Beastly Appendage |     3 |     2 |     1 ||     6
       Spider Form       |     3 |    19 |     8 ||    30
       Sticks to Snakes  |       |     8 |     9 ||    17
       Confusing Touch   |       |     2 |     6 ||     8
       Ice Form          |       |       |     7 ||     7
       Conjure Flame     |       |       |     3 ||     3
Evoke: Wand              |       |       |     3 ||     3
  Use: Scroll            |       |     5 |     6 ||    11
       Potion            |       |     1 |     1 ||     2
 Stab: Sleeping          |     5 |     5 |     6 ||    16
       Confused          |       |     3 |     2 ||     5
       Distracted        |       |     1 |     1 ||     2
  Eat: Chunk             |       |    11 |     7 ||    18
Armor: Skin              |     5 |     5 |    11 ||    21
Dodge: Dodged            |    33 |   101 |    74 ||   208
